 Dungeon Crawl Stone Soup version 0.30-a0-169-g06f667207d (webtiles) character file.

Game seed: 935669635396731222

3014 NeMaCarL the Reanimator (level 9, -6/61 HPs)
             Began as a Vampire Necromancer on Sept 30, 2022.
             Mangled by a gnoll sergeant
             ... wielding a +0 spear of venom
              (7 damage)
             ... on level 7 of the Dungeon.
             The game lasted 00:53:45 (7127 turns).

NeMaCarL the Reanimator (Vampire Necromancer)       Turns: 7127, Time: 00:53:47

Health: -6/61      AC:  2    Str:  9      XL:     9   Next: 55%
Magic:  18/30      EV: 14    Int: 17 (19) God:
Gold:   377        SH:  0    Dex: 21      Spells: 12/25 levels left

rFire   x . .      SeeInvis +    v - staff of death
rCold   . . .      Faith    .    (no shield)
rNeg    + . .      Spirit   .    a - +0 robe
rPois   .          Reflect  .    h - +1 hat
rElec   .          Harm     .    f - +0 cloak
rCorr   .          Rampage  .    e - +0 pair of gloves
Will    .....                    g - +0 pair of boots
Stlth   +++.......               (no amulet)
HPRegen 0.40/turn                c - ring of magical power
MPRegen 0.22/turn                n - +6 ring of dexterity

@: lethally poisoned (-6 -> -18), corroded, healing quickly
A: alive, fangs 3, see invisible, vampiric 2, heat vulnerability 1
a: Exsanguinate


You were on level 7 of the Dungeon.
You visited 1 branch of the dungeon, and saw 7 of its levels.

You collected 377 gold pieces.

Inventory:

Hand Weapons
 m - the +4 hand axe of Disarray {antimagic, rPois Int+3}
   (You found it on level 4 of the Dungeon)

   It reduces the magical energy of the wielder, and disrupts the spells and
   magical abilities of those it strikes.
   Natural abilities and divine invocations are not affected.
   Int:       It affects your intelligence (+3).
   rPois:     It protects you from poison.
 q - a +2 dagger of venom
 r - a +1 dire flail of protection
 u - a +2 vorpal trident
Armour
 a - a +0 robe (worn)
 e - a +0 pair of gloves (worn)
 f - a +0 cloak (worn)
 g - a +0 pair of boots (worn)
 h - a +1 hat (worn)
Magical Staves
 v - a staff of death (weapon)
Jewellery
 c - a ring of magical power (left hand)
 d - a ring of flight
 n - a +6 ring of dexterity (right hand)
Wands
 l - a wand of flame (18)
Scrolls
 i - 3 scrolls of identify
 o - 4 scrolls of teleportation
 s - a scroll of brand weapon
 t - a scroll of poison
Potions
 b - 2 potions of magic
 j - a potion of haste
 k - 2 potions of brilliance
 p - a potion of ambrosia


   Skills:
 + Level 1.9 Fighting
 + Level 1.2 Short Blades
 + Level 0.2 Staves
 + Level 4.0 Dodging
 + Level 3.5 Stealth
 + Level 8.5 Spellcasting
 + Level 10.6 Necromancy


You had 12 spell levels left.
You knew the following spells:

 Your Spells              Type           Power      Damage    Failure   Level
a - Necrotise             Necr           100%       1d9       1%          1
b - Vampiric Draining     Necr           60%        2d10      1%          3
c - Animate Dead          Necr           60%        N/A       1%          4
d - Agony                 Necr           60%        N/A       3%          5

Your spell library contained the following spells:

 Spells                   Type           Power      Damage    Failure   Level
 Magic Dart               Conj           28%        1d4       10%         1
 Sandblast                Erth           14%        2d6       10%         1
 Blink                    Tloc           14%        N/A       16%         2
 Call Imp                 Summ           7%         N/A       16%         2
 Passwall                 Tmut/Erth      5%         N/A       16%         2
 Gell's Gravitas          Tloc           7%         N/A       30%         3
 Lesser Beckoning         Tloc           7%         N/A       30%         3
 Mephitic Cloud           Conj/Pois/Air  7%         N/A       30%         3
 Ozocubu's Armour         Ice            7%         N/A       30%         3
 Stone Arrow              Conj/Erth      14%        3d7       30%         3
 Teleport Other           Tloc           7%         N/A       30%         3
 Manifold Assault         Tloc           7%         N/A       69%         4
 Ozocubu's Refrigeration  Ice            3%         4d8       100%        7
 Storm Form               Tmut/Air       3%         N/A       100%        7


Dungeon Overview and Level Annotations

Branches:
Dungeon (7/15)             Temple (0/1) D:6

Altars:
Ashenzari
Dithmenos
Uskayaw

Shops:
D:2 :   D:5 !


Innate Abilities, Weirdness & Mutations

Your natural rate of healing is accelerated.
You have razor-sharp teeth.
You have supernaturally acute eyesight. (SInv)
You are afflicted with vampirism and can become a bat while bloodless.
You are vulnerable to heat. (rF-)


Message History

Confirm with . or Enter, or press ? or * to list all spells.
You don't know that spell.
Casting: Vampiric Draining (safe; 1% risk of failure)
Confirm with . or Enter, or press ? or * to list all spells.
You don't know that spell.
Casting: Vampiric Draining (safe; 1% risk of failure)
Confirm with . or Enter, or press ? or * to list all spells.
Aiming: Vampiric Draining (safe; 1% risk of failure)
Press: ? - help, Shift-Dir - straight line, f - jelly
Aim: a jelly You feel a surge of power!
You draw life force from the jelly!
You feel life coursing into your body. The phantom barely misses you.
The jelly barely misses you. The gnoll sergeant barely misses you.
Casting: Vampiric Draining (safe; 1% risk of failure)
Confirm with . or Enter, or press ? or * to list all spells.
Aiming: Vampiric Draining (safe; 1% risk of failure)
Press: ? - help, Shift-Dir - straight line, f/p - jelly
Aim: a jelly (heavily wounded)
You feel a surge of power!
You draw life force from the jelly!
You kill the jelly!
You feel life coursing into your body. The phantom misses you.
The gnoll sergeant hits you from afar with a +0 spear of venom.
You hit the phantom but do no damage. You bite the phantom, but do no damage.
The phantom hits you.
The orc wizard mumbles some strange words.
The orc wizard flickers and vanishes for a moment.
The gnoll sergeant closely misses you. The phantom hits you.
The gnoll sergeant hits you from afar with a +0 spear of venom!
* * * LOW HITPOINT WARNING * * *
You are lethally poisoned!
Casting: Vampiric Draining (safe; 1% risk of failure)
Confirm with . or Enter, or press ? or * to list all spells.
You can't see any susceptible monsters within range! (Use Z to cast anyway.)
You closely miss the phantom.
* * * LOW HITPOINT WARNING * * *
You feel very sick. The phantom hits you.
* * * LOW HITPOINT WARNING * * *
The gnoll sergeant hits you from afar with a +0 spear of venom!
You die... .#. .. # .. ..#. .. oho #. oT#

##### #. #g# #####.!.# ###.#
#W# ........# #...# #@#
###..<## # ##.§§## #.#
#....... .. ##§.§§§###.#
#.##.###
#.##§..§§§§##.#########.##.#
#^#§§§.§§§§.#...........##.#
##.§§§§..§.§§§.#########.##.#
#...§..._.§§.§.# ####.##.#
#...§§§..§§§...# #.......#
#.##§§§§§§§.§#.# #.......#


You could see a troll, a phantom, a gnoll sergeant, a howler monkey, an orc
wizard (invisible) and 2 orcs.

Vanquished Creatures
  Prince Ribbit (D:6)
  A yak (D:7)
  A wyvern (D:7)
  Edmund (D:4)
  A water moccasin (D:6)
  2 ice beasts
  2 black bears
  2 orc warriors
  An ogre (D:4)
  2 sky beasts
  3 centaurs
  A kobold brigand (D:6)
  3 bullfrogs
  3 scorpions
  A necrophage (D:7)
  5 hounds
  An orc priest (D:5)
  A gnoll bouda (D:6)
  A jelly (D:7)
  4 orc wizards
  Robin (D:2)
  4 gnolls (D:5)
  8 adders
  A shadow imp (D:5)
  2 white imps
  A worm (D:5)
  2 dart slugs
  19 orcs
  5 ball pythons
  4 bats
  2 endoplasms (D:1)
  A giant cockroach (D:4)
  12 goblins
  8 hobgoblins
  2 jackals (D:3)
  8 kobolds
  A quokka (D:4)
  4 frilled lizards
  2 rats (D:1)
124 creatures vanquished.

Vanquished Creatures (collateral kills)
  A phantom (D:6)
  A scorpion (D:6)
  A necrophage (D:6)
  A dart slug (D:4)
  An orc (D:5)
  2 jackals (D:3)
  A frilled lizard (D:2)
  A rat (D:3)
9 creatures vanquished.

Vanquished Creatures (others)
  7 plants (D:4)
7 creatures vanquished.

Grand Total: 140 creatures vanquished

Notes
Turn   | Place    | Note
-------+----------+-------------------------------------------
     0 | D:1      | NeMaCarL the Vampire Necromancer began the quest for the
                  | Orb.
     0 | D:1      | Reached XP level 1. HP: 13/13 MP: 3/3
   635 | D:1      | Reached XP level 2. HP: 12/19 MP: 5/5
  1238 | D:2      | Noticed Robin
  1240 | D:2      | Reached skill level 5 in Necromancy
  1256 | D:2      | Killed Robin
  1257 | D:2      | Gained mutation: You are afflicted with vampirism and can
                  | become a bat while bloodless. [Vampire growth]
  1257 | D:2      | Reached XP level 3. HP: 24/24 MP: 6/6
  1261 | D:2      | Learned a level 3 spell: Vampiric Draining
  1649 | D:2      | Found Biar's Book Boutique.
  1818 | D:2      | Found a faded altar of an unknown god.
  2224 | D:3      | Gained mutation: You are vulnerable to heat. (rF-) [potion
                  | of mutation]
  2247 | D:3      | Reached XP level 4. HP: 30/30 MP: 8/8
  2252 | D:3      | Learned a level 4 spell: Animate Dead
  2344 | D:3      | You fall into a shaft and drop 2 floors!
  2344 | D:5      | Entered Level 5 of the Dungeon
  2680 | D:5      | Reached XP level 5. HP: 23/35 MP: 4/10
  2930 | D:5      | Found Uzuqok's Distillery.
  3008 | D:5      | Reached skill level 1 in Fighting
  3073 | D:5      | Reached skill level 6 in Necromancy
  4014 | D:4      | Noticed a black bear
  4021 | D:4      | Killed a black bear
  4022 | D:4      | Reached XP level 6. HP: 27/43 MP: 12/12
  4028 | D:4      | Learned a level 5 spell: Agony
  4080 | D:4      | Found a hide-covered altar of Uskayaw.
  4384 | D:4      | Identified the +4 hand axe of Disarray {antimagic, rPois
                  | Int+3}
  4460 | D:4      | Reached skill level 7 in Necromancy
  4698 | D:4      | Noticed Edmund
  4711 | D:4      | Killed Edmund
  4712 | D:4      | Reached skill level 5 in Spellcasting
  4712 | D:4      | Reached XP level 7. HP: 44/48 MP: 13/14
  4901 | D:6      | Reached skill level 8 in Necromancy
  5280 | D:6      | Reached XP level 8. HP: 30/51 MP: 16/16
  5593 | D:6      | Reached skill level 9 in Necromancy
  5699 | D:6      | Noticed Prince Ribbit
  5716 | D:6      | Killed Prince Ribbit
  5717 | D:6      | Reached skill level 1 in Short Blades
  5922 | D:6      | Reached XP level 9. HP: 56/61 MP: 18/20
  5999 | D:6      | Found a staircase to the Ecumenical Temple.
  6002 | D:6      | Found a broken altar of Ashenzari.
  6629 | D:7      | Reached skill level 10 in Necromancy
  6795 | D:7      | Identified a scroll of acquirement
  6795 | D:7      | Acquired a staff of death
  6807 | D:7      | Found a shadowy altar of Dithmenos.
  6837 | D:7      | Noticed a troll
  7127 | D:7      | HP: 3/61 [poisoned by a gnoll sergeant]
  7127 | D:7      | HP: 1/61 [phantom (2)]
  7127 | D:7      | Mangled by a gnoll sergeant

Illustrated notes

Levels and vault maps discovered:
D:1:      matt_arrival_spirals, layout_loops_corners, minmay_misc_feat_chi
D:2:      layout_loops_ring, hellmonk_ecumenical_altar_inner_sanctum,
          serial_shops, shop, uniq_robin
D:3:      layout_loops_ring, kennysheep_slug_shrine
D:4:      layout_rooms, mainiacjoe_overflow_chevrons, uniq_edmund
D:5:      layout_layer_cave, serial_shops, nicolae_stop_n_shop_1
D:6:      layout_basic, ashenzari_altar_1, temple_fountains,
          amcnicky_mini_pool_small, minmay_joined_circles, uniq_prince_ribbit1
D:7:      cheibrodos_fzero, layout_loops_ring, kiku_gazebo_garden_becter,
          nicolae_dithmenos_the_darkroom, serial_shops, kennysheep_mini,
          serial_bayou_pond_e, chequers_serial_rivers_micro_d

Skill      XL: |  1  2  3  4  5  6  7  8  9 |
---------------+----------------------------+-----
Necromancy     | 5 6 7 8 9 10 | 10.6
Spellcasting   | 3 4 5 7 8 |  8.5
Fighting       | 1 |  1.9
Dodging        | 3 4 |  4.0
Short Blades   | 1 |  1.2
Staves         | |  0.2
Stealth        | |  3.5

Action                   |  1- 3 |  4- 6 |  7- 9 || total
-------------------------+-------+-------+-------++-------
Melee: Unarmed           |       |    17 |    26 ||    43
       Bite              |       |     1 |    16 ||    17
       Dagger            |       |       |    46 ||    46
       Staff             |       |       |    17 ||    17
       Punch             |       |       |     2 ||     2
 Cast: Necrotise         |    82 |   111 |   161 ||   354
       Vampiric Draining |       |     6 |    15 ||    21
 Abil: Bat Form          |       |       |     1 ||     1
       Exsanguinate      |       |       |     1 ||     1
       Revivify          |       |       |     1 ||     1
  Use: Scroll            |     2 |     4 |     5 ||    11
       Potion            |     5 |     2 |     2 ||     9
Armor: Robe              |     3 |    14 |    38 ||    55
Dodge: Dodged            |     8 |    35 |   150 ||   193

Table legend: (Time is in decaauts)
 A = Elapsed time spent in this place.
 B = Non-inter-level travel time spent in this place.
 C = Inter-level travel time spent in this place.
 D = Time resting spent in this place.
 E = Time spent auto-exploring this place.
 F = Levels seen in this place.
 G = Mean time per level.
                   A        B        C        D        E       F      G
               +--------+--------+--------+--------+--------+-----+--------+
         Total |   7052 |   6854 |    198 |   1667 |   4128 |   7 | 1007.4 |
       Dungeon |   7052 |   6854 |    198 |   1667 |   4128 |   7 | 1007.4 |
               +--------+--------+--------+--------+--------+-----+--------+

Top non-repeatable levels by time:
     D:5: 2054 daAuts
     D:6: 1423 daAuts
     D:1: 1210 daAuts
     D:2: 946 daAuts
     D:4: 913 daAuts
     D:7: 334 daAuts
     D:3: 168 daAuts
